 Dungeon Crawl Stone Soup version 0.22.0-38-g04b72b8 (webtiles) character file.

13517 Lovchig the Cleaver (level 11, -4/100 HPs)
             Began as a Deep Dwarf Fighter on Aug 24, 2018.
             Was a Priest of Makhleb.
             Slain by a manticore (8 damage)
             ... on level 11 of the Dungeon on Aug 27, 2018.
             The game lasted 00:41:34 (8603 turns).

Lovchig the Cleaver (Deep Dwarf Fighter)            Turns: 8603, Time: 00:41:35

Health: -4/100     AC: 18    Str: 26      XL:     11   Next: 76%
Magic:  0/0        EV: 10    Int:  8 (14) God:    Makhleb [***...]
Gold:   546        SH: 12    Dex: 15      Spells: 10/10 levels left

rFire    + . .     SeeInvis .   G - +8 hand axe of Soarul {flame, Int+4}
rCold    + . .     Gourm    .   c - +0 shield
rNeg     . . .     Faith    +   I - +0 plate armour
rPois    +         Spirit   .   a - +0 helmet
rElec    +         Reflect  .   (no cloak)
rCorr    +         Harm     .   (no gloves)
MR       +....                  e - +1 pair of boots
Stlth    ..........             A - amulet of faith
HPRegen  0.00/turn              C - +4 ring of strength
MPRegen  0.07/turn              u - +3 ring of dexterity

@: resistant, very slightly contaminated, non-regenerating
A: damage resistance, heal wounds, hooves 1, sense surroundings 2, no
regeneration
a: Heal Wounds, Minor Destruction, Lesser Servant of Makhleb, Renounce Religion


You were on level 11 of the Dungeon.
You worshipped Makhleb.
Makhleb was most pleased with you.
You were hungry.

You visited 2 branches of the dungeon, and saw 12 of its levels.
You also visited: Sewer.

You collected 546 gold pieces.

Inventory:

Hand Weapons
 G - the +8 hand axe of Soarul (weapon) {flame, Int+4}
   (You found it on level 7 of the Dungeon)

   It has been specially enchanted to burn those struck by it, causing extra
   injury to most foes and up to half again as much damage against particularly
   susceptible opponents.
   Big, fiery blades are also staple armaments of hydra-hunters.
   It affects your intelligence (+4).
Armour
 a - a +0 helmet (worn)
 c - a +0 shield (worn)
 e - a +1 pair of boots (worn)
 x - a +2 hat
 I - a +0 plate armour (worn)
Jewellery
 u - a +3 ring of dexterity (right hand)
 A - an amulet of faith (around neck)
 C - a +4 ring of strength (left hand)
 K - an uncursed ring of flight
Wands
 k - a wand of random effects (22)
 n - a wand of flame (15)
 y - a wand of enslavement (16)
 J - a wand of acid (10)
Scrolls
 g - 3 scrolls of magic mapping
 i - 6 scrolls of teleportation
 l - a scroll of brand weapon {unknown}
 p - 8 scrolls of remove curse
 r - a scroll of identify
 s - 6 scrolls of amnesia
 w - 2 scrolls of fog
 z - a scroll of fear
 F - a scroll of enchant armour
 H - a scroll of enchant weapon
Potions
 b - 9 potions of flight
 d - 2 potions of might
 h - 3 potions of haste
 j - 5 potions of agility
 m - a potion of cancellation
 q - a potion of berserk rage
 t - 2 potions of brilliance
 v - a potion of resistance
 E - 2 potions of lignification
Comestibles
 f - 17 rations
 o - 2 chunks of flesh


   Skills:
 * Level 7.5 Fighting
 * Level 12.0 Axes
 * Level 10.3 Armour
 * Level 7.0 Dodging
 * Level 9.6 Shields


You had 10 spell levels left.
You didn't know any spells.
Your spell library contained the following spells:

 Spells                   Type           Power        Failure   Level  Hunger
 Beastly Appendage        Tmut           #.....       100%        1    ##.....
 Flame Tongue             Conj/Fire      #....        100%        1    ##.....
 Sticks to Snakes         Tmut           #.......     100%        2    ###....
 Throw Flame              Conj/Fire      #.....       100%        2    ###....
 Conjure Flame            Conj/Fire      #.......     100%        3    ####...
 Inner Flame              Hex/Fire       #.......     100%        3    ####...
 Spider Form              Tmut/Pois      #.........   100%        3    ####...
 Ice Form                 Ice/Tmut       #.......     100%        4    #####..
 Sticky Flame             Conj/Fire      #.......     100%        4    #####..
 Blade Hands              Tmut           #.........   100%        5    ######.
 Bolt of Magma            Conj/Fire/Erth #.........   100%        5    ######.
 Fireball                 Conj/Fire      #.........   100%        5    ######.
 Iskenderun's Battlesphe  Conj/Chrm      #.......     100%        5    ######.
 Venom Bolt               Conj/Pois      #.........   100%        5    ######.
 Iron Shot                Conj/Erth      #.........   100%        6    #######
 Orb of Destruction       Conj           #.........   100%        7    #######
 Spellforged Servitor     Conj/Summ      #.........   100%        7    #######


Dungeon Overview and Level Annotations

Branches:
Dungeon (11/15)            Temple (1/1) D:6            Lair (0/6) D:9
    Orc (0/2) D:11

Altars:
Ashenzari
Cheibriados
Dithmenos
Elyvilon
Fedhas
Gozag
Hepliaklqana
Kikubaaqudgha
Makhleb
Nemelex Xobeh
Okawaru
Qazlal
Ru
Sif Muna
Trog
Uskayaw
Vehumet
Wu Jian
Xom
Yredelemnul
Zin
The Shining One

Shops:
D:4 !   D:5 !(!   D:6 (


Innate Abilities, Weirdness & Mutations

You are resistant to damage.
You can heal yourself by infusing magical energy.
You passively map the area around you.
You do not regenerate.
You have large cloven feet.


Message History

You see here a runed hat.
x - a runed hat You see here a potion of agility.
j - 5 potions of agility (gained 1)
You see here a potion of flight.
b - 9 potions of flight (gained 1) Wear which item? (? for menu, Esc to quit)
Okay, then.
Okay, then.
You flicker for a moment.
You flicker back into view.
The manticore barely misses you. You block the manticore's attack. x2
You slash the manticore! You burn the manticore.
The manticore is moderately wounded.
You block the manticore's attack.
The manticore claws you but does no damage. x2
Your shield and plate armour prevent you from hitting the manticore.
The manticore is moderately wounded.
The manticore bites you. The manticore claws you!
You die...

,
........................
......#8#8#............
*#..#8...8#..#..#
#..8..(..8..#..# ,
#..#.....#.##..#
##.8.....8.##..# *
#.#8...8#.##..# *
#####.H#8.8#..##..######
.......@................
,
........................
* *
########################


You could see a manticore.

Vanquished Creatures
  Josephine (D:11)
  A hydra (D:11)
  The ghost of Anon1729 the Fighter, a novice GnWn of Ru (D:10)
  2 unseen horrors
  A flayed ghost (D:10)
  Pikel (D:4)
  An orange crystal statue (D:11)
  A wolf spider zombie (D:11)
  4 trolls
  A merfolk (D:11)
  A hippogriff (D:10)
  Sigmund (D:3)
  9 wraiths
  A fire bat (D:10)
  4 yaks (D:8)
  A hungry ghost (D:11)
  A water moccasin (D:9)
  2 ice beasts
  3 phantoms
  5 orc warriors
  4 slaves (D:4)
  3 black bears
  3 sky beasts
  4 ogres
  4 centaurs
  A crocodile (D:11)
  2 bullfrogs (D:8)
  Blork the orc (D:4)
  2 gnoll sergeants
  3 scorpions
  A troll zombie (D:11)
  3 killer bees (D:10)
  A howler monkey (D:6)
  5 wights (D:7)
  4 centaur zombies
  A bullfrog zombie (D:9)
  3 crimson imps
  8 hounds
  4 jellies
  6 orc wizards
  2 orc priests (D:11)
  A bullfrog skeleton (D:7)
  3 iguanas
  Terence (D:2)
  8 worker ants
  5 ogre zombies (D:11)
  3 hound zombies
  A hound skeleton (D:7)
  A mummy (D:7)
  A worker ant zombie (D:10)
  15 gnolls
  13 adders
  2 howler monkey skeletons (D:6)
  3 shadow imps
  3 oozes
  An adder zombie (D:7)
  An adder skeleton (D:4)
  7 worms
  3 dart slugs
  5 leopard geckos
  30 orcs
  8 giant cockroaches
  7 goblins
  4 hobgoblins
  12 jackals
  6 quokkas
  5 ball pythons
  30 bats
  6 frilled lizards
  A goblin skeleton (D:11)
  4 goblin zombies (D:11)
  A hobgoblin skeleton (D:11)
  3 hobgoblin zombies (D:11)
  8 kobolds
  A leopard gecko skeleton (D:6)
  An orc skeleton (D:11)
  8 orc zombies (D:11)
  9 rats
328 creatures vanquished.

Vanquished Creatures (others)
  2 withered plants (D:10)
2 creatures vanquished.

Grand Total: 330 creatures vanquished

Notes
Turn   | Place    | Note
-------+----------+-------------------------------------------
     0 | D:1      | Lovchig the Deep Dwarf Fighter began the quest for the Orb.
     0 | D:1      | Reached XP level 1. HP: 20/20 MP: 1/1
    99 | D:1      | Reached XP level 2. HP: 21/27 MP: 2/2
   570 | D:2      | Reached XP level 3. HP: 25/33 MP: 3/3
   733 | D:2      | Reached skill level 1 in Dodging
   751 | D:2      | Reached skill level 3 in Axes
   918 | D:2      | Noticed Terence
   931 | D:2      | Killed Terence
   931 | D:2      | Reached XP level 4. HP: 11/42 MP: 4/4
  1329 | D:3      | Noticed Sigmund
  1345 | D:3      | Killed Sigmund
  1345 | D:3      | Reached skill level 4 in Axes
  1345 | D:3      | Reached XP level 5. HP: 42/49 MP: 4/4
  1345 | D:3      | Reached XP level 6. HP: 48/56 MP: 5/5
  1763 | D:4      | Found Gamozyh's Distillery.
  1799 | D:4      | Reached skill level 5 in Axes
  1985 | D:4      | Noticed Blork the orc
  1997 | D:4      | Killed Blork the orc
  1997 | D:4      | Reached skill level 5 in Shields
  1997 | D:4      | Reached XP level 7. HP: 45/63 MP: 6/6
  2251 | D:4      | Noticed Pikel
  2294 | D:4      | Killed Pikel
  2294 | D:4      | Reached skill level 6 in Axes
  2294 | D:4      | Reached skill level 5 in Armour
  2294 | D:4      | Reached XP level 8. HP: 34/72 MP: 7/7
  2920 | D:5      | Entered Level 5 of the Dungeon
  2922 | D:5      | Found Qoth's Weapon Boutique.
  2956 | D:5      | Found Feus's Distillery.
  2977 | D:5      | Found a radiant altar of Vehumet.
  3091 | D:5      | Found a bloodstained altar of Trog.
  3095 | D:5      | Found a stormy altar of Qazlal.
  3186 | D:5      | Found a shadowy altar of Dithmenos.
  3277 | D:5      | Found Eme Isku's Distillery.
  3356 | D:5      | Found an ornate altar of the Wu Jian Council.
  3468 | D:6      | Reached skill level 7 in Axes
  3539 | D:6      | Found a glowing drain.
  3569 | Sewer    | Entered a sewer
  3919 | D:6      | Found Jazy Rofaus's Weapon Shop.
  4130 | D:6      | Reached skill level 8 in Axes
  4130 | D:6      | Gained mutation: You passively map the area around you. [Deep Dwarf growth]
  4130 | D:6      | Reached XP level 9. HP: 34/79 MP: 7/7
  4374 | D:6      | Found a staircase to the Ecumenical Temple.
  4484 | Temple   | Entered the Ecumenical Temple
  4651 | D:7      | Reached skill level 5 in Fighting
  5315 | D:7      | Got a warped hand axe
  5318 | D:7      | Identified the +8 hand axe of Soarul {flame, Int+4} (You found it on level 7 of the Dungeon)
  5447 | D:7      | Found a snail-covered altar of Cheibriados.
  5520 | D:7      | You fall through a shaft for 2 floors!
  5626 | D:9      | Found a staircase to the Lair.
  5703 | D:9      | Reached skill level 9 in Axes
  5776 | D:8      | Found an iron altar of Okawaru.
  5804 | D:8      | Reached skill level 5 in Dodging
  6241 | D:8      | Reached XP level 10. HP: 30/91 MP: 4/4
  6294 | D:8      | Reached skill level 10 in Axes
  6386 | D:9      | Found a burning altar of Makhleb.
  6396 | D:9      | Found a hazy altar of Hepliaklqana.
  6397 | D:9      | Found a glowing silver altar of Zin.
  6402 | D:9      | Became a worshipper of Makhleb the Destroyer
  6673 | D:9      | Killed an unseen horror
  6837 | D:10     | Entered Level 10 of the Dungeon
  7024 | D:10     | Upgraded the game from 0.22.0-36-g8e74550 to 0.22.0-38-g04b72b8
  7107 | D:10     | Reached * piety under Makhleb
  7160 | D:10     | Found a runed door.
  7160 | D:10     | Noticed Anon1729's ghost (novice GnWn)
  7299 | D:10     | Found a runed door.
  7325 | D:10     | Found a burning altar of Makhleb.
  7337 | D:10     | Found a bloodstained altar of Trog.
  7347 | D:10     | Found a shimmering altar of Xom.
  7365 | D:10     | Found a burning altar of Makhleb.
  7397 | D:10     | Found a hazy altar of Hepliaklqana.
  7465 | D:10     | Killed an unseen horror
  7543 | D:10     | Found a shimmering altar of Xom.
  7728 | D:10     | Reached ** piety under Makhleb
  7728 | D:10     | Reached XP level 11. HP: 41/99 MP: 1/1
  7764 | D:10     | Gained mutation: You have large cloven feet. [potion of mutation]
  7831 | D:10     | Noticed a flayed ghost
  7841 | D:10     | Killed a flayed ghost
  7919 | D:10     | Killed Anon1729's ghost
  7919 | D:10     | Reached skill level 11 in Axes
  7974 | D:11     | Found a radiant altar of Vehumet.
  8062 | D:11     | Noticed Josephine
  8074 | D:11     | Killed Josephine
  8082 | D:11     | Reached skill level 10 in Armour
  8184 | D:11     | Reached *** piety under Makhleb
  8189 | D:11     | Found a staircase to the Orcish Mines.
  8264 | D:11     | Noticed an eight-headed hydra
  8274 | D:11     | Killed a one-headed hydra
  8466 | D:11     | Noticed an orange crystal statue
  8500 | D:11     | Noticed a centaur warrior
  8542 | D:11     | HP: 5/100 [manticore[an orange crystal statue] (4)]
  8544 | D:11     | Killed an orange crystal statue
  8544 | D:11     | Reached skill level 12 in Axes
  8603 | D:11     | Slain by a manticore

Skill      XL: |  1  2  3  4  5  6  7  8  9 10 11 |
---------------+----------------------------------+-----
Fighting       | 3 4 5 6 7 |  7.5
Dodging        | 1 2 3 4 5 6 7 |  7.0
Axes           | 3 4 5 6 8 9 10 12 | 12.0
Armour         | 4 5 6 7 9 10 | 10.3
Shields        | 4 5 6 7 8 9 |  9.6

Action                   |  1- 3 |  4- 6 |  7- 9 | 10-12 || total
-------------------------+-------+-------+-------+-------++-------
Melee: War axe           |   134 |   164 |   418 |       ||   716
       Hand axe          |       |       |    82 |   454 ||   536
 Abil: Heal Wounds       |       |     3 |    18 |    12 ||    33
  Use: Scroll            |     2 |     5 |     7 |     9 ||    23
       Potion            |       |       |       |    12 ||    12
  Eat: Chunk             |       |     4 |    15 |     5 ||    24
       Ration            |       |       |       |     1 ||     1
Armor: Scale mail        |    81 |       |       |       ||    81
       Chain mail        |       |   112 |   333 |       ||   445
       Plate armour      |       |       |    20 |   383 ||   403
Dodge: Dodged            |    46 |    57 |   176 |   135 ||   414
Block: Shield            |    81 |   119 |   356 |   276 ||   832
